 Dungeon Crawl Stone Soup version 0.25-a0-578-gc91f01c (webtiles) character file.

Game seed: 553517726833189577, levelgen mode: deterministic

14424 DrEnzyme the Fighter (level 12, 0/132 HPs)
             Began as an Ogre Wanderer on Mar 6, 2020.
             Was a High Priest of Okawaru.
             Killed from afar by Maggie (12 damage)
             ... with a bolt of fire
             ... on level 1 of the Lair of Beasts.
             The game lasted 01:07:31 (26598 turns).

DrEnzyme the Fighter (Ogre Wanderer)               Turns: 26598, Time: 01:07:31

Health: 0/132      AC:  9    Str: 21    XL:     12   Next: 16%
Magic:  22/22      EV: 12    Int: 15    God:    Okawaru [*****.]
Gold:   384        SH:  0    Dex:  8    Spells: 11/24 levels left

rFire    . . .     SeeInvis .   a - +1 dagger (venom)
rCold    . . .     Gourm    .   (no shield)
rNeg     + . .     Faith    .   S - +0 steam dragon scales
rPois    .         Spirit   .   m - +2 hat
rElec    .         Reflect  .   T - +0 cloak
rCorr    .         Harm     .   (gloves unavailable)
MR       +....                  (boots unavailable)
Stlth    ++........             (no amulet)
HPRegen  0.32/turn              y - ring of positive energy
MPRegen  0.18/turn              M - +5 ring of slaying

@: no status effects
A: large, unfitting armour, tough skin 1
a: Heroism, Finesse, Renounce Religion


You were on level 1 of the Lair of Beasts.
You worshipped Okawaru.
Okawaru was extremely pleased with you.
You were not hungry.

You visited 3 branches of the dungeon, and saw 13 of its levels.
You also visited: Sewer.

You collected 904 gold pieces.
You spent 520 gold pieces at shops.

Inventory:

Hand Weapons
 a - a +1 dagger of venom (weapon)
 b - a +2 dagger of draining
 c - a +2 hand axe of holy wrath
 d - a +3 falchion of flaming
 C - a +0 hunting sling
 E - the +7 great mace of Chance {vorpal, *Noise rElec Str+10}
   (You took it off an ogre on level 4 of the Dungeon)

   It inflicts extra damage upon your enemies.
   It affects your strength (+10).
   It insulates you from electricity.
   It may make noises in combat.
Missiles
 r - 9 large rocks (quivered)
 s - 10 javelins
 G - 2 curare-tipped darts
Armour
 m - a +2 hat (worn)
 u - a scarf of repulsion
 S - +0 steam dragon scales (worn)
 T - a +0 cloak (worn)
Jewellery
 h - an uncursed ring of flight
 y - a ring of positive energy (left hand)
 M - a +5 ring of slaying (right hand)
Wands
 v - a wand of polymorph (17)
 D - a wand of flame (36)
 F - a wand of enslavement (5)
 L - a wand of random effects (24)
 N - a wand of paralysis (5)
Scrolls
 e - 7 scrolls of remove curse
 g - 5 scrolls of teleportation
 p - 6 scrolls of fog
 t - a scroll of amnesia
 z - 3 scrolls of immolation
 I - a scroll of noise {unknown}
 K - a scroll of enchant weapon {unknown}
 P - a scroll of random uselessness {unknown}
Potions
 j - a potion of magic {unknown}
 k - 2 potions of curing
 l - 3 potions of invisibility
 n - 2 potions of brilliance
 o - 7 potions of haste
 w - 2 potions of might
 x - 2 potions of heal wounds {unknown}
 B - a potion of stabbing {unknown}
 H - 2 potions of lignification
 J - 4 potions of degeneration
 O - a potion of berserk rage
 Q - a potion of mutation {unknown}
 R - a potion of flight {unknown}
Miscellaneous
 A - a fan of gales (inert)
 V - a sack of spiders
Comestibles
 f - 27 rations


   Skills:
 + Level 11.9 Fighting
 + Level 5.1(5.2) Short Blades
 + Level 1.2(3.4) Long Blades
 - Level 2.3(3.1) Axes
 * Level 2.6(3.1) Maces & Flails
 + Level 7.5 Throwing
 * Level 8.1 Dodging
 - Level 2.4 Stealth
   Level 1.0 Shields
 + Level 6.7 Spellcasting
 + Level 0.1 Conjurations
 + Level 2.3 Necromancy
 + Level 4.5 Air Magic
 + Level 4.0 Poison Magic
 * Level 3.2 Invocations
 + Level 1.5 Evocations


You had 11 spell levels left.
You knew the following spells:

 Your Spells              Type           Power        Failure   Level  Hunger
a - Mephitic Cloud        Conj/Pois/Air  ##......     12%         3    ##.....
b - Poisonous Vapours     Pois/Air       ###...       3%          2    None
c - Olgreb's Toxic Radia  Pois           ###.....     26%         4    ####...
d - Apportation           Tloc           #.....       14%         1    None
e - Corpse Rot            Necr/Air       N/A          4%          2    None
f - Animate Skeleton      Necr           N/A          5%          1    None

Your spell library contained the following spells:

 Spells                   Type           Power        Failure   Level  Hunger
 Sting                    Tmut/Pois      ##..         6%          1    None
 Corona                   Hex            #......      14%         1    None
 Freeze                   Ice            #...         14%         1    None
 Summon Small Mammal      Summ           #...         14%         1    None
 Ignite Poison            Fire/Tmut/Pois #.......     24%         3    ##.....
 Frozen Ramparts          Ice            #.....       38%         3    ##.....
 Ozocubu's Armour         Chrm/Ice       #.......     38%         3    ##.....
 Hailstorm                Conj/Ice       #.......     80%         4    ####...
 Summon Ice Beast         Ice/Summ       #.......     80%         4    ####...


Dungeon Overview and Level Annotations

Branches:
Dungeon (11/15)            Temple (1/1) D:5            Lair (1/6) D:11
    Orc (0/2) D:10          Sewer (visited)

Altars:
Ashenzari
Cheibriados
Dithmenos
Elyvilon
Fedhas
Gozag
Hepliaklqana
Kikubaaqudgha
Makhleb
Nemelex Xobeh
Okawaru
Qazlal
Ru
Sif Muna
Trog
Uskayaw
Vehumet
Wu Jian
Xom
Yredelemnul
Zin
The Shining One

Shops:
D:6 }:}   D:11 :

Annotations:
D:6 3 runed translucent doors, exclusion: 3 doors, slAvIk159's ghost, novice HOMo
D:8 2 transporters, AngryBottledMilk's ghost, novice TrFi
D:10 exclusion: downstairs
Lair:1 Maggie


Innate Abilities, Weirdness & Mutations

You are too large for most types of armour.
You have tough skin. (AC +1)


Message History

Maggie is severely wounded.
Maggie casts a spell at you. The bolt of fire hits you!!
* * * LOW HITPOINT WARNING * * *
Maggie casts a spell at you. The bolt of fire hits you!!
* * * LOW HITPOINT WARNING * * *
Throwing (i - inventory. (/) - cycle)
r - 10 large rocks (quivered)
Press: ? - help, Shift-Dir - straight line, f/p - Maggie
Aim: Maggie, wielding a +0 halberd and wearing +0 acid dragon scales (severely wounded, mesmerising)
You throw a large rock. The large rock closely misses Maggie.
You feel better.
Maggie gestures wildly while chanting.
Maggie draws you further into her thrall.
As you read the scroll of fear, it crumbles to dust.
You assume a fearsome visage.
Maggie looks frightened!
You break out of your daze!
Maggie gestures at you while chanting. The bolt of fire hits you!
You die...

########## ##
#........## #.
#P........# ##.
#P.......## ###..
###........### #....
###.@.....@....#
#...
##..(.###.......##
##.. #...###
##.....#.## ###
#...#...#
###.####.########.รท
....##>...# ###
##.##.....## ..#
#@.....#
#####....##### .
#(.......#
#P#........#
#.........#
##..........#
(.........#
##....(......##


You could see Maggie (fleeing).

Vanquished Creatures
  A hydra (D:11)
  Pikel (D:8)
  A manticore (D:11)
  2 cyclopes (D:11)
  A black mamba (Lair:1)
  Psyche (D:8)
  A komodo dragon (Lair:1)
  A troll (D:11)
  Grinder (D:3)
  4 hippogriffs
  A wraith (D:11)
  A basilisk (Lair:1)
  A wyvern (D:10)
  11 yaks
  2 steam dragons (D:11)
  2 water moccasins
  5 porcupines
  2 ice beasts
  10 orc warriors
  A hornet zombie (D:11)
  A necrophage (D:10)
  5 ogres
  3 phantoms
  6 centaurs
  3 crocodiles (Lair:1)
  3 big kobolds
  7 bullfrogs
  6 scorpions
  3 killer bees (D:7)
  5 wights (D:9)
  The ghost of tarantulatoni the Shield-Bearer, a weakling GrFi (D:4)
  5 howler monkeys
  4 centaur zombies
  2 bullfrog zombies (D:11)
  7 crimson imps
  A quasit (D:9)
  7 hounds
  2 bullfrog skeletons
  9 orc priests
  5 centaur skeletons
  A jelly (D:8)
  6 iguanas
  Ijyb (D:4)
  Natasha (thrice) (D:3)
  9 orc wizards
  9 worker ants
  Terence (D:2)
  A spectral hound (D:11)
  A hound zombie (D:11)
  A hound skeleton (D:7)
  A worker ant zombie (D:10)
  17 adders
  7 gnolls
  A shadow imp (D:5)
  3 oozes
  An adder zombie (D:5)
  7 worms
  8 leopard geckos
  71 orcs
  10 giant cockroaches
  7 goblins
  10 hobgoblins
  14 jackals
  13 kobolds
  2 quokkas
  5 ball pythons
  9 bats
  14 frilled lizards
  12 rats
380 creatures vanquished.

Vanquished Creatures (collateral kills)
  An ice beast (D:8)
  An orc wizard (D:10)
  2 orcs (D:8)
4 creatures vanquished.

Vanquished Creatures (others)
  A crocodile (D:11)
  A worker ant (D:8)
  An orc (D:11)
  3 fungi (D:11)
6 creatures vanquished.

Grand Total: 390 creatures vanquished

Notes
Turn   | Place    | Note
-------+----------+-------------------------------------------
     0 | D:1      | DrEnzyme the Ogre Wanderer began the quest for the Orb.
     0 | D:1      | DrEnzyme set off with the following items: a +0 mace, a +2
                  | robe, a ration; and the following spells available to
                  | memorise: Corpse Rot, Poisonous Vapours
     0 | D:1      | Reached XP level 1. HP: 24/24 MP: 2/2
   248 | D:1      | Reached XP level 2. HP: 14/33 MP: 3/3
   543 | D:1      | Learned a level 2 spell: Corpse Rot
  1260 | D:1      | Reached XP level 3. HP: 35/41 MP: 5/5
  1724 | D:1      | Reached skill level 5 in Fighting
  1869 | D:2      | Learned a level 2 spell: Poisonous Vapours
  2307 | D:2      | Reached XP level 4. HP: 46/50 MP: 1/7
  2570 | D:2      | Found a white marble altar of Elyvilon.
  3253 | D:3      | Found a glowing drain.
  3282 | Sewer    | Entered a sewer
  3481 | Sewer    | Reached XP level 5. HP: 54/57 MP: 3/8
  3686 | D:3      | Noticed Terence
  3720 | D:2      | Killed Terence
  3936 | D:3      | Reached skill level 1 in Poison Magic
  4077 | D:3      | Reached skill level 1 in Air Magic
  4143 | D:3      | Found a shattered altar of Ashenzari.
  4181 | D:3      | Reached XP level 6. HP: 42/67 MP: 9/9
  4290 | D:3      | Noticed Grinder
  4415 | D:3      | Reached skill level 6 in Fighting
  4544 | D:3      | Found a snail-covered altar of Cheibriados.
  4544 | D:3      | Found a glowing golden altar of the Shining One.
  4623 | D:3      | Found an opulent altar of Gozag.
  4664 | D:3      | Noticed Natasha
  4671 | D:3      | Killed Natasha
  4671 | D:3      | Reached skill level 1 in Short Blades
  4727 | D:3      | Noticed Natasha
  4736 | D:3      | Killed Natasha
  4787 | D:3      | Noticed a moth of wrath
  4790 | D:3      | Found a bloodstained altar of Trog.
  4946 | D:3      | Noticed Natasha
  4950 | D:3      | Killed Natasha
  5517 | D:4      | Found a radiant altar of Vehumet.
  5540 | D:4      | Reached skill level 1 in Throwing
  5540 | D:4      | Reached XP level 7. HP: 61/75 MP: 1/11
  6201 | D:4      | Found a burning altar of Makhleb.
  6233 | D:4      | Found a transporter.
  6234 | D:4      | Noticed tarantulatoni's ghost (weakling GrFi)
  6235 | D:4      | Found a transporter.
  6236 | D:4      | Identified the +7 great mace of Chance {vorpal, *Noise
                  | rElec Str+10}
  6449 | D:4      | Noticed Ijyb
  6458 | D:4      | Killed Ijyb
  6578 | D:4      | You fall into a shaft and drop 3 floors!
  6578 | D:7      | Found a stormy altar of Qazlal.
  6617 | D:7      | Reached XP level 8. HP: 63/84 MP: 4/13
  7335 | D:6      | Found a sacrificial altar of Ru.
  7478 | D:6      | Found Weilan's Book Boutique.
  7506 | D:6      | Found Cuanuiqe's Gadget Emporium.
  7526 | D:6      | Found Domnosei's Gadget Shop.
  7594 | D:6      | Found a runed translucent gate.
  7595 | D:6      | Found a runed translucent gate.
  7598 | D:6      | Found a runed translucent gate.
  7598 | D:6      | Noticed a kobold demonologist
  7599 | D:6      | Noticed slAvIk159's ghost (novice HOMo)
  7824 | D:6      | Reached skill level 7 in Fighting
  7956 | D:6      | Reached skill level 1 in Stealth
  8693 | D:6      | Reached XP level 9. HP: 78/93 MP: 15/15
  9421 | D:5      | Entered Level 5 of the Dungeon
  9421 | D:5      | Found a staircase to the Ecumenical Temple.
  9429 | Temple   | Entered the Ecumenical Temple
  9524 | Temple   | Became a worshipper of Warmaster Okawaru
  9982 | D:5      | Found an ornate altar of the Wu Jian Council.
 10622 | D:5      | Reached skill level 5 in Dodging
 11627 | D:7      | Reached skill level 8 in Fighting
 13138 | D:7      | Reached * piety under Okawaru
 13138 | D:7      | Reached skill level 9 in Fighting
 14358 | D:8      | Reached XP level 10. HP: 108/110 MP: 5/16
 14575 | D:8      | Reached skill level 5 in Throwing
 14855 | D:8      | Found a transporter.
 14855 | D:8      | Noticed AngryBottledMilk's ghost (novice TrFi)
 14874 | D:8      | Noticed Psyche
 14886 | D:8      | Found a transporter.
 14889 | D:8      | Killed Psyche
 14889 | D:8      | Reached ** piety under Okawaru
 14889 | D:8      | Reached skill level 10 in Fighting
 15603 | D:8      | Found a hazy altar of Hepliaklqana.
 16300 | D:9      | Reached skill level 1 in Axes
 16455 | D:9      | Reached skill level 5 in Spellcasting
 17004 | D:9      | Found a white marble altar of Elyvilon.
 17058 | D:9      | Reached *** piety under Okawaru
 17072 | D:9      | Received a gift from Okawaru
 18594 | D:10     | Entered Level 10 of the Dungeon
 19133 | D:9      | Reached XP level 11. HP: 68/119 MP: 17/19
 19461 | D:10     | Reached skill level 11 in Fighting
 19638 | D:10     | Received a gift from Okawaru
 20851 | D:10     | Found a staircase to the Orcish Mines.
 21123 | D:11     | Noticed a seven-headed hydra
 21564 | D:6      | Bought a Young Poisoner's Handbook for 520 gold pieces
 21568 | D:6      | Learned a level 3 spell: Mephitic Cloud
 21573 | D:6      | Learned a level 4 spell: Olgreb's Toxic Radiance
 21696 | D:8      | Noticed Pikel
 21707 | D:8      | Killed Pikel
 21714 | D:8      | Reached **** piety under Okawaru
 21881 | D:11     | Noticed a manticore
 22331 | D:11     | Killed a manticore
 22719 | D:11     | Found a staircase to the Lair.
 23185 | D:11     | Learned a level 1 spell: Apportation
 23188 | D:11     | Learned a level 2 spell: Corpse Rot
 23190 | D:11     | Learned a level 1 spell: Animate Skeleton
 23212 | D:11     | Noticed a cyclops
 23239 | D:11     | Reached skill level 1 in Invocations
 23409 | D:11     | Found Ygiurano's Book Shoppe.
 23672 | D:3      | Paralysed by Grinder for 4 turns
 23682 | D:3      | Killed Grinder
 23890 | D:4      | Killed tarantulatoni's ghost
 24998 | D:11     | Killed a two-headed hydra
 25117 | D:11     | Killed a cyclops
 25462 | D:11     | Reached skill level 5 in Short Blades
 25465 | D:11     | Reached skill level 1 in Long Blades
 25637 | D:11     | Noticed a cyclops
 25656 | D:11     | Killed a cyclops
 25656 | D:11     | Reached ***** piety under Okawaru
 25656 | D:11     | Reached XP level 12. HP: 77/132 MP: 2/21
 25840 | Lair:1   | Entered Level 1 of the Lair of Beasts
 26398 | Lair:1   | Received a gift from Okawaru
 26577 | Lair:1   | Noticed Maggie
 26593 | Lair:1   | HP: 1/132 [Maggie/bolt of fire (26)]
 26598 | Lair:1   | Killed from afar by Maggie

Levels and vault maps discovered:
D:1:      lordsloth_arrival_two_stooges, layout_basic
D:2:      layout_basic, old_standard_altar
D:3:      layout_basic, marbit_many_paths, grunt_gozag_breadcrumbs,
          gammafunk_temple_overflow_pools, portal_sewer_entry_a, tgw_trog,
          uniq_natasha, uniq_grinder, uniq_terence
D:4:      layout_basic, lemuel_doored_altar, vehumet_altar_wand_db,
          first_ration, gammafunk_ghost_smash, uniq_ijyb
D:5:      layout_basic, kennysheep_little_box, minmay_temple_entry_slanted,
          minmay_lizard_king
D:6:      minmay_octagon_keep, layout_layer_cave, old_standard_altar,
          serial_shops, shop_fountains, nicolae_shop_window_shopping,
          nicolae_shop_trees, gammafunk_ghost_nasty_kobolds
D:7:      minmay_general_purpose_star, layout_layer_cave,
          nicolae_qazlal_general_emergency
D:8:      layout_basic, kennysheep_mini, gammafunk_ghost_arena,
          blue_anna_alchemist [blue_anna_fruit_fields, blue_anna_fruit_fields],
          roderic_serpentine_path, uniq_pikel, uniq_psyche
D:9:      layout_gridville, elyvilon_altar_1
D:10:     layout_rooms, hiddenorc2_lemuel, minmay_fountain_box
D:11:     layout_basic, grunt_lair_entry_orc_guard_hut, serial_shops,
          nicolae_shop_window_shopping, chequers_serial_rivers_room_a,
          hangedman_weighted_door
Temple:   compressed_dpeg_circular_temple
Lair:1:   layout_cave_pods, uniq_maggie

Skill      XL: |  1  2  3  4  5  6  7  8  9 10 11 12 |
---------------+-------------------------------------+-----
Fighting       | 5 6 7 9 10 11 | 11.9
Dodging        | 2 3 4 6 7 8 |  8.1
Spellcasting   | 2 3 4 5 6 |  6.7
Poison Magic   | 1 2 3 4 |  4.0
Air Magic      | 1 2 3 4 |  4.5
Short Blades   | 2 3 4 5 |  5.1
Throwing       | 1 2 3 4 6 7 |  7.5
Necromancy     | 2 |  2.3
Stealth        | 1 2 |  2.4
Axes           | 1 2 |  2.3
Invocations    | 2 3 |  3.2
Maces & Flails | 2 |  2.6
Long Blades    | 1 |  1.2
Shields        | |  1.0
Conjurations   | |  0.1
Evocations     | |  1.5

Action                   |  1- 3 |  4- 6 |  7- 9 | 10-12 || total
-------------------------+-------+-------+-------+-------++-------
Melee: Mace              |    96 |       |       |       ||    96
       Whip              |    19 |       |       |       ||    19
       Dagger            |     9 |   204 |   574 |   463 ||  1250
       Hand axe          |       |       |    24 |   120 ||   144
       Falchion          |       |       |       |    14 ||    14
Throw: Javelin           |       |     1 |    20 |    40 ||    61
       Large rock        |       |       |       |    44 ||    44
 Cast: Corpse Rot        |     2 |     1 |     2 |     1 ||     6
       Poisonous Vapours |    10 |    38 |    28 |   107 ||   183
       Olgreb's Toxic Ra |       |       |       |     3 ||     3
Evoke: Wand              |       |       |     3 |    12 ||    15
       Fan of gales      |       |       |       |     1 ||     1
  Use: Scroll            |       |     6 |     5 |    15 ||    26
       Potion            |       |     1 |       |     1 ||     2
 Stab: Distracted        |       |       |     1 |       ||     1
       Sleeping          |       |       |       |     1 ||     1
  Eat: Chunk             |     2 |    14 |    19 |    32 ||    67
       Ration            |     1 |       |     3 |     3 ||     7
Armor: Robe              |    86 |    85 |   123 |    89 ||   383
       Steam dragon scal |       |       |       |    43 ||    43
Dodge: Dodged            |    85 |   142 |   295 |   363 ||   885
       Deflected         |       |       |     7 |    13 ||    20

Table legend:
 A = Non-vault XP
 B = Vault XP
 C = Vault XP percentage of total XP
 D = Non-vault monster count
 E = Vault monster count
 F = Vault count percentage of total count
                 A         B        C        D         E       F
            +---------+---------+-------+---------+---------+-------
      Total |   17144 |    3463 |  16.8 |     297 |      87 |  22.7
            +---------+---------+-------+---------+---------+-------
        D:1 |      49 |       0 |   0.0 |      21 |       0 |   0.0
        D:2 |      88 |      32 |  26.7 |      30 |       1 |   3.2
        D:3 |     280 |     327 |  53.9 |      37 |      10 |  21.3
        D:4 |     386 |     203 |  34.5 |      16 |       4 |  20.0
        D:5 |     484 |      47 |   8.9 |      15 |       7 |  31.8
        D:6 |     636 |     428 |  40.2 |      22 |       8 |  26.7
        D:7 |    1798 |      42 |   2.3 |      27 |       2 |   6.9
        D:8 |    1601 |    1088 |  40.5 |      31 |       3 |   8.8
        D:9 |    2681 |       0 |   0.0 |      36 |       0 |   0.0
       D:10 |    2298 |     398 |  14.8 |      27 |      32 |  54.2
       D:11 |    4921 |     861 |  14.9 |      25 |      10 |  28.6
     Lair:1 |    1922 |       0 |   0.0 |      10 |       0 |   0.0
      Sewer |       0 |      37 | 100.0 |       0 |      10 | 100.0
            +---------+---------+-------+---------+---------+-------
